[Event "*** Titled Tuesday Blitz"]
[Site "Chess.com"]
[Date "2020.04.07"]
[Round "7"]
[White "vaps"]
[Black "Kislov_Oleg"]
[Result "0-1"]
[WhiteElo "1973"]
[BlackElo "2426"]
[TimeControl "180+1"]
[EndTime "14:18:33 PDT"]
[Termination "Kislov_Oleg won on time"]

1. Nf3 d5 2. g3 Nf6 3. Bg2 c6 4. c4 e6 5. O-O Be7 6. d4 O-O 7. Qc2 Ne4 8. Nbd2 f5 9. b3 Nd7 10. Bb2 Bf6 11. Nxe4 fxe4 12. Ne5 Nxe5 13. dxe5 Be7 14.
f3 exf3 15. exf3 Bd7 16. f4 Be8 17. cxd5 Bg6 18. Be4 Bxe4 19. Qxe4 cxd5 20. Qd3 g6 21. Rac1 Rc8 22. Bd4 Qa5 23. a4 b6 24. Bc3 Bb4 25.
Bxb4 Qxb4 26. Rfd1 Rc5 27. Kg2 Rfc8 28. Rxc5 Rxc5 29. Rd2 Rc3 30. Qa6 Qe4+ 31. Kh3 Qxf4 32. Qc8+ Rxc8 33. gxf4 Rc3+ 34. Kg4 Kg7 35. b4 Rc4 36. a5 b5 0-1

[Event "*** Titled Tuesday Blitz"]
[Site "Chess.com"]
[Date "2020.04.07"]
[Round "7"]
[White "Cocaino74"]
[Black "Chesstrainer1"]
[Result "1-0"]
[WhiteElo "2285"]
[BlackElo "2429"]
[TimeControl "180+1"]
[EndTime "14:18:34 PDT"]
[Termination "Cocaino74 won on time"]

1. e4 c5 2. Nf3 e6 3. c3 Nf6 4.
e5 Nd5 5. g3 Nc6 6. Bg2 d6 7.
d4 cxd4 8. cxd4 dxe5 9. dxe5 Bb4+ 10. Bd2 O-O 11. O-O Qb6 12. a3 Bxd2 13. Nbxd2 Qxb2 14. Nc4 Qb5 15. Nd6 Qa5 16. Qd3 Qc3 17. Qe2 Qa5 18.
Qd3 h6 19. Rfb1 b6 20. Rc1 Nce7 21. Nd2 Ba6 22. Qd4 b5 23. Nb3 Qb6 24. Nc5 Bb7 25.
Ndxb7 Nc6 26. Qb2 Rfe8 27. Nd6 Re7 28. Nf5 Rc7 29. Bxd5 exd5 30. e6 1-0

[Event "*** Titled Tuesday Blitz"]
[Site "Chess.com"]
[Date "2020.04.07"]
[Round "7"]
[White "MisiekZielony"]
[Black "ehrenfeld"]
[Result "0-1"]
[WhiteElo "2134"]
[BlackElo "2416"]
[TimeControl "180+1"]
[EndTime "14:18:34 PDT"]
[Termination "ehrenfeld won on time"]

1. c4 e5 2. Nc3 Bb4 3. Nf3 Bxc3 4. dxc3 d6 5. g3 f5 6. Bg2 Nf6 7. O-O O-O 8. b3 Nc6 9. Ne1 Qe8 10. Nc2 Qh5 11. e3 Qf7 12. f3 Be6 13. Nb4 Ne7 14. f4 e4 15. a4 c5 16. Nd5 Nexd5 17. cxd5 Nxd5 18. c4 Nb4 19. Bd2 Nd3 20. Rb1 d5 21. cxd5 Bxd5 22. Bc3 Rad8 23. Qc2 h6 24. Rfd1 Kh7 25.
Ba1 Rd7 26. Qc3 Rfd8 27. Rf1 Be6 28. g4 h5 29. gxh5 Qxh5 30. Qc2 Bf7 31. Qc3 Qh6 32. Kh1 Rd6 33. Rbd1 Nf2+ 34. Rxf2 Rxd1+ 35. Rf1 Rxf1+ 36. Bxf1 Rd1 37. Kg2 Bh5 38. Kf2 Bf3 39. Kg1 Qg6+ 40. Kf2 Rxf1+ 0-1

[Event "*** Titled Tuesday Blitz"]
[Site "Chess.com"]
[Date "2020.04.07"]
[Round "7"]
[White "cuprichanin"]
[Black "rugbyclub"]
[Result "1-0"]
[WhiteElo "2313"]
[BlackElo "2108"]
[TimeControl "180+1"]
[EndTime "14:18:34 PDT"]
[Termination "cuprichanin won by resignation"]

1. Nc3 c5 2. e4 Nc6 3. f4 g6 4. Nf3 Bg7 5. d3 e6 6. g4 Nge7 7. e5 h5 8. g5 d5 9. exd6 Nf5 10. Ne4 Nxd6 11. Bg2 Nxe4 12. dxe4 Qxd1+ 13. Kxd1 e5 14. c3 Bg4 15. Kc2 O-O-O 16. h3 Be6 17. Be3 exf4 18. Bxf4 Rhe8 19. Rhe1 Bc4 20. h4 Bd3+ 21. Kb3 c4+ 22. Ka4 b6 23. e5 a6 24. b4 cxb3 25.
axb3 Bf8 26. b4 b5+ 27. Kb3 Bc4+ 28. Kc2 Bd3+ 29. Kb2 Kb7 30. Nd4 Rc8 31. Nxc6 Rxc6 32. Bxc6+ Kxc6 33. Rxa6+ Kd5 34. Rf6 Ra8 35. Rxf7 Bc4 36.
e6 Ra2+ 37. Kb1 1-0

[Event "*** Titled Tuesday Blitz"]
[Site "Chess.com"]
[Date "2020.04.07"]
[Round "7"]
[White "Gordima"]
[Black "Mizner"]
[Result "1-0"]
[WhiteElo "2788"]
[BlackElo "2551"]
[TimeControl "180+1"]
[EndTime "14:18:35 PDT"]
[Termination "Gordima won on time"]

1. d4 d5 2. c4 e6 3. Nc3 Nf6 4. cxd5 Nxd5 5. e4 Nxc3 6. bxc3 c5 7. Rb1 cxd4 8. cxd4 Nc6 9. Nf3 Bb4+ 10. Bd2 Bxd2+ 11.
Qxd2 O-O 12. Bb5 Bd7 13. O-O b6 14. h3 Ne7 15. Bd3 Rc8 16. Rfe1 Bc6 17. d5 exd5 18. e5 Bd7 19. Qg5 Ng6 20. Qh5 Re8 21. Rbd1 Nf8 22. Ng5 g6 23. Qh6 f6 24. Nxh7 Rxe5 25. Bxg6 Qe7 26. Rxe5 fxe5 27. Ng5 Rc6 28. Bf7+ Qxf7 29. Nxf7 Rxh6 30. Nxh6+ Kg7 31. Ng4 Bxg4 32. hxg4 d4 33. f4 Kf6 34. Kf2 Ne6 35. fxe5+ Kxe5 36. Kg3 Ng5 37.
Kh4 Ne4 38. g5 1-0

[Event "*** Titled Tuesday Blitz"]
[Site "Chess.com"]
[Date "2020.04.07"]
[Round "7"]
[White "AsselLesbekova"]
[Black "Vyacheslav_N"]
[Result "1-0"]
[WhiteElo "2320"]
[BlackElo "2426"]
[TimeControl "180+1"]
[EndTime "14:18:35 PDT"]
[Termination "AsselLesbekova won on time"]

1. e4 c5 2. Nf3 Nc6 3. Bb5 g6 4. O-O Bg7 5. Re1 Nf6 6. c3 O-O 7. d4 cxd4 8. cxd4 d5 9. e5 Ne4 10. Nc3 Nxc3 11. bxc3 Na5 12. Ba3 a6 13. Bf1 b5 14.
Bb4 Re8 15. a4 Bd7 16. axb5 axb5 17. Qc2 Nc4 18. Bxc4 bxc4 19. Bc5 h6 20. Qb2 Bf5 21.
h3 g5 22. Rxa8 Qxa8 23. Ra1 Qb8 24. Qxb8 Rxb8 25. Bxe7 Bf8 26. Bxf8 Kxf8 27. Nd2 Rb2 28. Nf1 Rb3 29. Rc1 Be6 30. Ne3 Ke7 31. Kh2 Kd7 32.
g3 Kc6 33. f4 Kb5 34. f5 Rb2+ 35. Kg1 Bd7 36. Rf1 Re2 37. Nxd5 Bc6 38. Rb1+ 1-0

[Event "*** Titled Tuesday Blitz"]
[Site "Chess.com"]
[Date "2020.04.07"]
[Round "7"]
[White "DinaBelenkaya"]
[Black "annacramling"]
[Result "1-0"]
[WhiteElo "2241"]
[BlackElo "1964"]
[TimeControl "180+1"]
[EndTime "14:18:35 PDT"]
[Termination "DinaBelenkaya won on time"]

1. e4 c5 2. Nf3 a6 3. c4 Nc6 4.
Nc3 g6 5. d4 cxd4 6. Nxd4 Bg7 7. Nc2 e6 8. Be2 Nge7 9. O-O O-O 10. Be3 d6 11. Qd2 Qc7 12. Rfd1 Rd8 13. Bh6 Ne5 14. Bxg7 Kxg7 15. b3 N5c6 16. Qf4 e5 17. Qh4 Be6 18. Rac1 Rac8 19. Rd3 Qb6 20. Bg4 Bxg4 21. Qxg4 Nd4 22.
Nxd4 exd4 23. Ne2 Nc6 24. Rcd1 Re8 25. Qh4 Kg8 26. Nxd4 Nxd4 27. Rxd4 Rcd8 28. h3 Re5 29. Qf4 Qc7 30. Qf6 Qe7 31. Qxe7 Rxe7 32. f3 Re6 33. Kf2 Kf8 34. h4 Ke7 35. f4 1-0

[Event "*** Titled Tuesday Blitz"]
[Site "Chess.com"]
[Date "2020.04.07"]
[Round "7"]
[White "bangchess21"]
[Black "Etoilegeniale"]
[Result "1-0"]
[WhiteElo "2647"]
[BlackElo "2502"]
[TimeControl "180+1"]
[EndTime "14:18:36 PDT"]
[Termination "bangchess21 won on time"]

1. e4 c5 2. Nc3 Nc6 3. Bb5 Nd4 4. Nf3 Nxb5 5. Nxb5 a6 6. Nc3 d6 7. d4 cxd4 8. Qxd4 e5 9. Qb4 h6 10. Be3 Nf6 11. Bb6 Qd7 12. O-O-O Qc6 13. Nxe5 a5 14. Qb5 dxe5 15. Rd8+ Ke7 16. Qxe5+ Be6 17. Rxa8 Qxb6 18. Nd5+ Nxd5 19. exd5 Qc5 20. Re1 h5 21. Qg5+ f6 22. Rxe6+ Kf7 23. Qf5 h4 24. Ree8 Qb4 25. c3 Qc5 26. Qe6+ Kg6 27. Qe4+ Kh5 28. Qf3+ Kh6 29. Qe3+ Qxe3+ 30. fxe3 1-0

[Event "*** Titled Tuesday Blitz"]
[Site "Chess.com"]
[Date "2020.04.07"]
[Round "7"]
[White "asms9699"]
[Black "steepedgames"]
[Result "1-0"]
[WhiteElo "2622"]
[BlackElo "2444"]
[TimeControl "180+1"]
[EndTime "14:18:37 PDT"]
[Termination "asms9699 won by resignation"]

1. c4 f5 2. g3 Nf6 3. Bg2 d6 4. Nc3 e5 5. d4 exd4 6. Qxd4 Nc6 7. Qd2 g6 8. Nf3 Bg7 9. O-O O-O 10. Qc2 Re8 11.
b3 Bd7 12. Bb2 Qe7 13. Rad1 h6 14. e3 Qf7 15. Nd4 Nxd4 16. Rxd4 Bc6 17. Nd5 Ng4 18. Rdd1 Kh7 19. Bxg7 Qxg7 20. b4 a6 21. a4 Nf6 22.
b5 Bxd5 23. cxd5 axb5 24. axb5 b6 25. Rc1 Re7 26. Rfd1 Ra5 27. Qc4 Ng4 28. Qb3 h5 29. h4 Qf7 30. Rd2 Qe8 31. Bf1 Ne5 32. Rdc2 Qf7 33. Be2 Kh6 34. Rc3 Ng4 35. Qc2 Ra7 36.
Bxg4 hxg4 37. Qd3 g5 38. hxg5+ Kxg5 39. Qd4 Ra8 40. Qf4+ Kg6 41. Rxc7 Rxc7 42. Qxd6+ Qf6 43.
Qxc7 Ra1 44. Rxa1 Qxa1+ 45. Kg2 Qd1 46. Qxb6+ Kh5 47. Qd4 1-0

[Event "*** Titled Tuesday Blitz"]
[Site "Chess.com"]
[Date "2020.04.07"]
[Round "7"]
[White "Filip_Covic"]
[Black "Atanejhad"]
[Result "0-1"]
[WhiteElo "2337"]
[BlackElo "2519"]
[TimeControl "180+1"]
[EndTime "14:18:37 PDT"]
[Termination "Atanejhad won on time"]

1. d4 b6 2. e4 Bb7 3. Nc3 e6 4. Bd3 Bb4 5. Ne2 Nf6 6. O-O d6 7. h3 Nbd7 8. a3 Bxc3 9. Nxc3 O-O 10. Bg5 e5 11. d5 Re8 12. Qf3 h6 13. Bh4 g5 14. Bg3 Nf8 15. Bb5 N6d7 16. Qh5 Kg7 17. h4 a6 18. Bxd7 Nxd7 19. Nd1 Nf6 20. Qe2 Bc8 21.
f3 Nh5 22. Bf2 Nf4 23. Qd2 gxh4 24. Kh2 Kh7 25. Be3 Qg5 26. Bxf4 exf4 27. Qf2 Rg8 28. Nc3 Bd7 29. Ne2 Rg7 30. Rg1 Rag8 31. Rad1 Bb5 32. Nd4 Qg3+ 33. Qxg3 hxg3+ 34. Kh3 Bd7+ 35.
Nf5 Rg5 0-1

[Event "*** Titled Tuesday Blitz"]
[Site "Chess.com"]
[Date "2020.04.07"]
[Round "7"]
[White "Sviridov_Valery"]
[Black "Antipov_Mikhail_Al"]
[Result "0-1"]
[WhiteElo "2776"]
[BlackElo "2960"]
[TimeControl "180+1"]
[EndTime "14:18:38 PDT"]
[Termination "Antipov_Mikhail_Al won by resignation"]

1. d4 Nf6 2. Nf3 g6 3. c4 Bg7 4. g3 c6 5. Bg2 O-O 6. O-O d5 7. cxd5 cxd5 8. Nc3 Ne4 9. Ng5 Nxc3 10. bxc3 Nc6 11. e4 dxe4 12. Re1 f5 13. Qb3+ e6 14. f3 Na5 15. Qd1 h6 16. Nh3 exf3 17. Bxf3 g5 18. Nf2 Bd7 19. Nd3 Rc8 20. Bd2 b6 21. Ne5 Re8 22. Bh5 Rf8 23. Ng6 Rf6 24. h4 g4 25. Nf4 Bc6 26. Qe2 Bf3 27. Nxe6 Qd6 28. Bf4 Bxe2 29. Bxd6 Rxe6 30. Bf4 0-1

[Event "*** Titled Tuesday Blitz"]
[Site "Chess.com"]
[Date "2020.04.07"]
[Round "7"]
[White "Bajecny"]
[Black "korbul"]
[Result "1-0"]
[WhiteElo "2299"]
[BlackElo "2563"]
[TimeControl "180+1"]
[EndTime "14:18:39 PDT"]
[Termination "Bajecny won by resignation"]

1. d4 Nf6 2. Nf3 b6 3. c4 e6 4.
a3 c5 5. d5 b5 6. Bg5 Qb6 7.
Bxf6 gxf6 8. e4 bxc4 9. Qc2 Ba6 10. Nc3 Qb3 11. Rc1 d6 12. Nd2 Qxc2 13. Rxc2 Nd7 14.
Bxc4 Bxc4 15. Nxc4 Ne5 16. Na5 Rb8 17. Ke2 h5 18. f4 Nd7 19. Nc6 Rb7 20. b4 h4 21. Rb1 Bh6 22. Kf3 cxb4 23. Rxb4 Rxb4 24. axb4 Nb6 25. Ra2 O-O 26. Rxa7 f5 27. exf5 Bg7 28. Ne4 Nxd5 29. Nxd6 exf5 30. Nxf5 Bc3 31. b5 Re8 32. Rd7 Nb6 33. Rd8 Rxd8 34. Nxd8 f6 35. Ne6 Kf7 36. Nc5 Nd5 37. Nxh4 Bd4 38. Ne4 Ke6 39.
f5+ Ke5 40. g4 Nc3 41. Ng6+ Kd5 42. h4 Nxe4 43. h5 Ng5+ 44. Kg3 Ke4 45. h6 Ke3 46.
Nf8 Bc5 47. h7 Bd6+ 48. Kh4 Nxh7 49. Nxh7 Be5 50. b6 Kf4 51. b7 Bb8 52. Nxf6 Ke5 53.
Nd7+ Kd6 54. Nxb8 Kc7 55. Na6+ Kxb7 56. Nb4 Kc7 57. Kg5 Kd6 58. Kg6 Ke7 59. f6+ Kf8 60.
Nd5 Kg8 61. Ne7+ Kf8 62. f7 Kxe7 63. Kg7 1-0

[Event "*** Titled Tuesday Blitz"]
[Site "Chess.com"]
[Date "2020.04.07"]
[Round "7"]
[White "matiss90"]
[Black "kleinebeer98"]
[Result "0-1"]
[WhiteElo "2530"]
[BlackElo "2722"]
[TimeControl "180+1"]
[EndTime "14:18:40 PDT"]
[Termination "kleinebeer98 won by checkmate"]

1. e4 e5 2. Nf3 Nc6 3. Bb5 f5 4. d3 fxe4 5. dxe4 Nf6 6. Nc3 Bb4 7. Qd3 Bxc3+ 8. bxc3 d6 9. Bg5 O-O 10. Bc4+ Kh8 11.
h4 h6 12. Bb3 Na5 13. O-O-O Qe8 14. Bd2 Bg4 15. Rde1 Nd7 16. Ng5 Nxb3+ 17. axb3 hxg5 18. hxg5+ Kg8 19. Qg3 Be6 20. g6 Rf6 21. Rh8+ Kxh8 22. Qh4+ Kg8 23. Qh7+ Kf8 24. Qh8+ Bg8 25. Re3 Qxg6 26.
Rh3 Rxf2 27. Be3 Rxg2 28. Rf3+ Nf6 29. Qh4 Ke8 30. Bg5 Qxe4 31. Bxf6 Qxc2# 0-1

[Event "*** Titled Tuesday Blitz"]
[Site "Chess.com"]
[Date "2020.04.07"]
[Round "7"]
[White "rynos0411"]
[Black "eldur16"]
[Result "1/2-1/2"]
[WhiteElo "2393"]
[BlackElo "2544"]
[TimeControl "180+1"]
[EndTime "14:18:40 PDT"]
[Termination "Game drawn by agreement"]

1. d4 Nf6 2. c4 e6 3. Nf3 Bb4+ 4. Bd2 c5 5. e3 Bxd2+ 6. Nbxd2 cxd4 7. exd4 d5 8. cxd5 Nxd5 9. Rc1 O-O 10. g3 b6 11. Bg2 Bb7 12. O-O Nd7 13. Nc4 N7f6 14. Nfe5 Rc8 15. Qb3 Qe7 16. Rfd1 Rc7 17. Ne3 Rfc8 18.
Rxc7 Qxc7 19. Nxd5 Bxd5 20. Bxd5 Nxd5 21. Qa4 Qc2 22.
Qxc2 Rxc2 23. Rb1 f6 24. Nf3 Kf7 25. Kg2 g5 26. Ne1 Re2 27. Kf1 Rd2 28. Rc1 Rxb2 29.
Rc8 Rxa2 30. Rh8 a5 31. Rxh7+ Kg6 32. Ra7 a4 33. Kg2 g4 34. h3 f5 35. hxg4 fxg4 36.
Nd3 a3 37. Ne5+ Kf5 38. Rf7+ Ke4 39. Nxg4 Rb2 40. Ra7 a2 41. Kh3 Nc3 42. f3+ Kxf3 43. Ne5+ Ke4 44. Nc4 Kxd4 45. Nxb2 b5 46. Kg2 Na4 47.
Rd7+ Kc3 48. Nxa4+ bxa4 49. Rd1 Kb2 50. g4 a1=Q 51.
Rxa1 Kxa1 52. g5 a3 53. g6 a2 54. g7 Kb1 55. g8=Q a1=Q 56. Qxe6 Qb2+ 1/2-1/2

[Event "*** Titled Tuesday Blitz"]
[Site "Chess.com"]
[Date "2020.04.07"]
[Round "7"]
[White "ethylalcohol"]
[Black "Mikromurks"]
[Result "0-1"]
[WhiteElo "2143"]
[BlackElo "2328"]
[TimeControl "180+1"]
[EndTime "14:18:42 PDT"]
[Termination "Mikromurks won on time"]

1. d4 Nf6 2. Nf3 d6 3. Nc3 Nbd7 4. e4 e5 5. dxe5 dxe5 6. Bc4 Be7 7. O-O O-O 8. Qe2 c6 9. Bg5 Qc7 10. a4 Re8 11. Nh4 h6 12. Be3 Nf8 13. Qf3 Be6 14. Bd3 N8h7 15. Nf5 Bxf5 16. exf5 Rad8 17. Bc4 Bb4 18. Qg3 Kh8 19. Qh4 Bxc3 20. bxc3 Qd7 21. Qh3 Ne4 22. Bd3 Neg5 23. Qh5 e4 24. Bc4 Qxf5 25.
Qe2 Qg6 26. Kh1 f5 27. Bxa7 f4 28. Rad1 f3 29. Qe3 Ne6 0-1

[Event "*** Titled Tuesday Blitz"]
[Site "Chess.com"]
[Date "2020.04.07"]
[Round "7"]
[White "ShadyH9"]
[Black "tgpgoat"]
[Result "0-1"]
[WhiteElo "2263"]
[BlackElo "2066"]
[TimeControl "180+1"]
[EndTime "14:18:42 PDT"]
[Termination "tgpgoat won on time"]

1. e4 c5 2. Nf3 Nc6 3. Nc3 e6 4.
d4 cxd4 5. Nxd4 Qc7 6. Be2 a6 7. O-O Nf6 8. Be3 Bb4 9. Na4 Bd6 10. f4 Nxe4 11. Nxc6 bxc6 12. Qd4 Nf6 13. Nb6 Rb8 14.
Nxc8 Rxc8 15. Bxa6 Ra8 16. Bd3 O-O 17. Rfd1 c5 18.
Bxh7+ Kxh7 19. Qxd6 Qxd6 20. Rxd6 Rfc8 21. c4 Ne4 22.
Rxd7 Rcb8 23. Rxf7 Rxb2 24. h3 Re2 25. Bc1 Rd8 26.
Kh2 Rd1 27. Bb2 Rdd2 28. Rxg7+ Kh6 29. Be5 Nd6 30. Rg4 Nxc4 31. a4 Ne3 0-1

[Event "*** Titled Tuesday Blitz"]
[Site "Chess.com"]
[Date "2020.04.07"]
[Round "7"]
[White "Ovsiannikov_Maxim"]
[Black "MathiasWomacka"]
[Result "0-1"]
[WhiteElo "2224"]
[BlackElo "2419"]
[TimeControl "180+1"]
[EndTime "14:18:43 PDT"]
[Termination "MathiasWomacka won by resignation"]

1. d4 Nf6 2. Bg5 Ne4 3. Bh4 c5 4. f3 g5 5. fxe4 gxh4 6. e3 Qb6 7. Nc3 Bh6 8. Kf2 d6 9. Bc4 O-O 10. Nf3 Nc6 11. Nd5 Qd8 12. Nxh4 e6 13. Qh5 exd5 14. exd5 Qg5 15. Qxg5+ Bxg5 16. Nf3 Na5 17. Bd3 Bh6 18.
dxc5 dxc5 19. c3 b6 20. Ne5 Re8 21. Nf3 Bxe3+ 22. Kg3 Bd7 23. Ba6 Rab8 24. Rhe1 Nb7 25. Re2 Nd6 26. Rae1 Nf5+ 27. Kg4 Nd4+ 28. Kh5 Nxe2 29.
Rxe2 Kg7 30. Bd3 b5 31. h4 c4 32. Bc2 Rbd8 33. g4 Bc8 34. g5 Rxd5 35. Nd4 Bd7 36. Nf3 h6 37. Rg2 hxg5 38. Nxg5 Bxg5 39. hxg5 Rh8+ 0-1

[Event "*** Titled Tuesday Blitz"]
[Site "Chess.com"]
[Date "2020.04.07"]
[Round "7"]
[White "attack2mateU"]
[Black "malandragem"]
[Result "1-0"]
[WhiteElo "2671"]
[BlackElo "2485"]
[TimeControl "180+1"]
[EndTime "14:18:44 PDT"]
[Termination "attack2mateU won on time"]

1. e4 c5 2. Nf3 e6 3. c3 Nf6 4. e5 Nd5 5. d4 cxd4 6. cxd4 b6 7. Bd3 Bb7 8. O-O Be7 9. a3 O-O 10. Qe2 d6 11. Qe4 g6 12. Bh6 Re8 13. Nc3 Nc6 14. Nxd5 exd5 15. Qf4 dxe5 16. dxe5 Bf8 17. Rfe1 Bg7 18.
Bb5 Rc8 19. h4 Qe7 20. Bxg7 Kxg7 21. h5 a6 22. Bxc6 Rxc6 23. Nd4 Rc4 24. h6+ Kg8 25. b3 Rc3 26. Rac1 Rec8 27. Rxc3 Rxc3 28. e6 Rc8 29. Nf5 Qf6 30. e7 1-0

[Event "*** Titled Tuesday Blitz"]
[Site "Chess.com"]
[Date "2020.04.07"]
[Round "7"]
[White "arminmusovic"]
[Black "tandaleo"]
[Result "1-0"]
[WhiteElo "2517"]
[BlackElo "2342"]
[TimeControl "180+1"]
[EndTime "14:18:45 PDT"]
[Termination "arminmusovic won by checkmate"]

1. a3 d5 2. Nc3 d4 3. Ne4 f5 4. Ng3 e5 5. e4 Nf6 6. exf5 h5 7.
h4 c5 8. Bc4 e4 9. d3 exd3 10.
cxd3 Bd6 11. N1e2 Qe7 12. Kf1 Nc6 13. Nf4 Bxf4 14. Bxf4 Ne5 15. Bxe5 Qxe5 16. Qf3 Kf8 17. Re1 Qc7 18. Be6 Bd7 19. Ne4 Bc6 20. Qd1 Bxe4 21. dxe4 Qf4 22. g3 Qe5 23. Ba2 b5 24. f4 Qc7 25. Qb3 Re8 26. e5 Ng4 27. Qxb5 Ne3+ 28. Kf2 Nxf5 29. Rc1 Rb8 30. Rxc5 Rxb5 31. Rxc7 Rxb2+ 32.
Kf3 Rxa2 33. Rc8+ Ke7 34. Rxh8 Rxa3+ 35. Ke4 g6 36. Rc1 Re3+ 37. Kd5 d3 38. Rc7# 1-0

[Event "*** Titled Tuesday Blitz"]
[Site "Chess.com"]
[Date "2020.04.07"]
[Round "7"]
[White "HiHaruka"]
[Black "manubibi"]
[Result "0-1"]
[WhiteElo "2276"]
[BlackElo "2530"]
[TimeControl "180+1"]
[EndTime "14:18:45 PDT"]
[Termination "manubibi won on time"]

1. d4 Nf6 2. c4 g6 3. Nc3 Bg7 4. Nf3 d6 5. e4 O-O 6. Be2 e5 7.
dxe5 dxe5 8. Qxd8 Rxd8 9. Bg5 c6 10. Nxe5 Na6 11. f3 Be6 12. O-O Re8 13. Rad1 h6 14. Bxf6 Bxf6 15. Nd7 Bxd7 16. Rxd7 Bxc3 17. bxc3 Nc5 18.
Rd4 f5 19. Bd3 Rad8 20. Bc2 f4 21. Rfd1 Ne6 22. Rd6 Rxd6 23. Rxd6 g5 24. Bb3 Nc5 25. Rxh6 Kg7 26. Rd6 Re7 27. g3 Rd7 28. Rxd7+ Nxd7 29. Kf2 Kf6 30. h4 Ne5 31. hxg5+ Kxg5 32. gxf4+ Kxf4 33. Bd1 Nxc4 34. Be2 Na3 35. Ke1 Nb1 36. c4 Nc3 37.
Kd2 Nxa2 38. Kd3 c5 0-1

[Event "*** Titled Tuesday Blitz"]
[Site "Chess.com"]
[Date "2020.04.07"]
[Round "7"]
[White "Vadim_Biliy"]
[Black "guillembaches"]
[Result "0-1"]
[WhiteElo "2245"]
[BlackElo "2442"]
[TimeControl "180+1"]
[EndTime "14:18:45 PDT"]
[Termination "guillembaches won by resignation"]

1. d4 Nf6 2. Nf3 e6 3. e3 c5 4. Be2 b6 5. O-O Bb7 6. b3 Be7 7. Bb2 O-O 8. c4 d6 9. Nc3 Nbd7 10. d5 exd5 11. Nxd5 Nxd5 12. cxd5 Bf6 13. Rb1 Bxb2 14.
Rxb2 a6 15. e4 Re8 16. Bd3 b5 17. Re2 Rc8 18. Rfe1 c4 19. bxc4 bxc4 20. Bc2 Ne5 21. Nxe5 Rxe5 22. f4 Re8 23. Qd4 c3 24. Re3 Qa5 25.
Qa4 Qc5 26. Kf2 Re7 27. Qb3 g6 28. Kf3 f5 29. g4 fxg4+ 30. Kxg4 Qd4 31. Rd3 Qf2 32.
Ree3 Rf8 33. Rf3 Bc8+ 34. f5 gxf5+ 35. Kh5 Qxh2+ 36. Rh3 Qe2+ 37. Kg5 Rg7+ 0-1

[Event "*** Titled Tuesday Blitz"]
[Site "Chess.com"]
[Date "2020.04.07"]
[Round "7"]
[White "medalja"]
[Black "mbojan"]
[Result "0-1"]
[WhiteElo "2441"]
[BlackElo "2687"]
[TimeControl "180+1"]
[EndTime "14:18:46 PDT"]
[Termination "mbojan won by resignation"]

1. d4 Nf6 2. c4 c5 3. d5 b5 4. cxb5 a6 5. bxa6 g6 6. Nc3 Bg7 7. e4 O-O 8. Nf3 Qa5 9. Bd2 Bxa6 10. Be2 d6 11. O-O Bxe2 12. Qxe2 Qa6 13. Rfe1 Nfd7 14.
a4 Qxe2 15. Rxe2 Na6 16. Bg5 f6 17. Be3 Rfb8 18. Nb5 Rb7 19. Ra3 Nb4 20. h4 f5 21.
exf5 gxf5 22. Ng5 Nxd5 23. Bc1 Bf6 24. Rg3 Ne5 25. Ne4+ Kh8 26. Nxf6 Nxf6 27. Bg5 Ne4 28. Ra3 Nxg5 29. hxg5 Kg7 30. f4 Nc4 31. Rc3 Rxa4 32. Na3 Nxa3 33. bxa3 Rxf4 34. Rce3 Kf7 35. g3 Rg4 36.
Kg2 Ra7 37. Kf3 Rxg5 38. Kf4 h6 39. Kf3 e5 40. Rd3 Ke6 41. Rb3 Rag7 42. Kf2 Ra7 43. Rd2 Rg4 44. Rb6 Rd4 45. Rxd4 cxd4 46. Rb3 e4 47.
Ke2 Ke5 48. Rb5+ d5 49. Rb3 d3+ 50. Kd2 Rc7 51. a4 Rc2+ 52. Kd1 Ra2 53. Rb4 e3 54. Kc1 e2 0-1

[Event "*** Titled Tuesday Blitz"]
[Site "Chess.com"]
[Date "2020.04.07"]
[Round "7"]
[White "Tormoz"]
[Black "Stormeman100100"]
[Result "1-0"]
[WhiteElo "2674"]
[BlackElo "2487"]
[TimeControl "180+1"]
[EndTime "14:18:47 PDT"]
[Termination "Tormoz won by checkmate"]

1. d4 Nf6 2. Nf3 d5 3. c4 c6 4. g3 Bf5 5. Nc3 e6 6. Nh4 Bg4 7. f3 Bh5 8. Qb3 Qb6 9. c5 Qxb3 10. axb3 Na6 11. g4 Bg6 12. Nxg6 hxg6 13. Bf4 Nb4 14. Ra4 a5 15. Kd2 Kd7 16. e3 Be7 17. Be2 Bd8 18. Rha1 Bc7 19. Bxc7 Kxc7 20. Rxa5 Rxa5 21.
Rxa5 Rxh2 22. Ra8 e5 23. Rf8 exd4 24. exd4 Nd7 25. Rxf7 g5 26. Rxg7 Rh1 27. Rxg5 b6 28. cxb6+ Kxb6 29. Rg7 Kc7 30. g5 Kd6 31. f4 c5 32.
Nb5+ Kc6 33. Na7+ Kd6 34. Nc8+ Kc6 35. Ne7+ Kd6 36. Nf5+ Kc6 37. Bg4 Rh2+ 38. Kd1 Nd3 39. Ne7+ Kb7 40. Bxd7 Nxb2+ 41. Ke1 Nd3+ 42. Kf1 c4 43.
bxc4 dxc4 44. Bb5 Nb2 45. Nd5+ Kc8 46. Bc6 Kb8 47. Rg8+ Ka7 48. Ra8# 1-0

[Event "*** Titled Tuesday Blitz"]
[Site "Chess.com"]
[Date "2020.04.07"]
[Round "7"]
[White "ChessicallyInclined"]
[Black "Federtiu"]
[Result "1-0"]
[WhiteElo "2550"]
[BlackElo "2675"]
[TimeControl "180+1"]
[EndTime "14:18:47 PDT"]
[Termination "ChessicallyInclined won by resignation"]

1. d4 g6 2. c4 Bg7 3. e4 e6 4. Nc3 Ne7 5. h4 d5 6. cxd5 exd5 7. e5 h5 8. Bg5 O-O 9. Be2 c5 10. Nf3 Nbc6 11. dxc5 Qa5 12. Kf1 Qxc5 13. Rc1 Qa5 14. Bf6 Be6 15. Nb5 Rad8 16. a3 Qb6 17. Qd2 Bg4 18.
Nbd4 Nxd4 19. Qxd4 Bxf3 20. Qxb6 Bxe2+ 21. Kxe2 axb6 22.
Bxe7 Bxe5 23. Bxf8 Kxf8 24. Rc2 Kg7 25. Kd3 Kf6 26. b3 Ra8 27. a4 Rd8 28. Rhc1 Kf5 29. Rc8 Rd7 30. g3 Kg4 31. Re1 Bd6 32. Ke2 Bb4 33. Rd1 Bc5 34. b4 Be7 35. Rd4+ Kh3 36.
Kf3 Rd6 37. Rc7 Bf6 38. Rd1 Kh2 39. Rcc1 1-0

[Event "*** Titled Tuesday Blitz"]
[Site "Chess.com"]
[Date "2020.04.07"]
[Round "7"]
[White "bazar-wokzal"]
[Black "LilRag"]
[Result "0-1"]
[WhiteElo "2521"]
[BlackElo "2385"]
[TimeControl "180+1"]
[EndTime "14:18:47 PDT"]
[Termination "LilRag won by resignation"]

1. e4 c5 2. c3 e6 3. d4 d5 4. e5 Nc6 5. Nf3 Nge7 6. Bd3 Qb6 7. O-O Bd7 8. dxc5 Qxc5 9. Nbd2 Qa5 10. Nb3 Qc7 11.
Re1 h6 12. Bf4 g5 13. Bg3 Bg7 14. Qe2 O-O 15. h4 g4 16. Nh2 h5 17. f3 Nf5 18.
Bxf5 exf5 19. Nf1 Rae8 20. f4 f6 21. Qd3 fxe5 22. fxe5 Nxe5 23. Qxd5+ Kh8 24. Bf2 Bc6 25. Qc5 b6 26. Qa3 Nd3 27. Rxe8 Rxe8 28. Bd4 Qf4 29. Bxg7+ Kxg7 30. Qxa7+ Kg8 31. Qxb6 Bxg2 32. Qd4 Be4 33. Qe3 Qxe3+ 34. Nxe3 f4 35. Nc4 f3 36. Nc1 f2+ 37. Kf1 g3 38. Ne3 Nxc1 39. Rxc1 Bd3+ 40.
Kg2 Rxe3 0-1

[Event "*** Titled Tuesday Blitz"]
[Site "Chess.com"]
[Date "2020.04.07"]
[Round "7"]
[White "PotapovaM"]
[Black "VitaliyBernadskiy"]
[Result "0-1"]
[WhiteElo "2541"]
[BlackElo "2729"]
[TimeControl "180+1"]
[EndTime "14:18:48 PDT"]
[Termination "VitaliyBernadskiy won on time"]

1. d4 g6 2. e4 Bg7 3. Nc3 d6 4. Be3 a6 5. h4 h6 6. f4 h5 7. e5 Nh6 8. Nf3 Bg4 9. Be2 Nf5 10.
Bf2 e6 11. Ng5 Bxe2 12. Qxe2 d5 13. O-O-O Nc6 14. g4 hxg4 15. Qxg4 Rh5 16. Ne2 Nce7 17. Kb1 Qd7 18. Rh3 Bf8 19. Rg1 Ng8 20. Qg2 O-O-O 21.
Nc1 Ng7 22. Nd3 Rh8 23. Re3 Nh6 24. Ree1 Nhf5 25. Rh1 Nh5 26. Qf3 Kb8 27. Rc1 Bh6 28.
Nc5 Qc6 29. Nxf7 Rdf8 30. Nxh8 Rxh8 31. Be3 Nxe3 32. Qxe3 Bxf4 33. Qh3 Bxc1 34. Rxc1 Ng7 35.
Rg1 Nf5 36. c3 Rxh4 37. Qf3 Rh2 38. Rxg6 Qb5 39. Rg2 Rh1+ 40. Kc2 b6 41. Nxe6 Qa4+ 42. Kd2 Qxa2 43. Qxf5 Qxb2+ 44. Qc2 Qa1 45. Rg8+ Ka7 46. Kd3 Rh3+ 0-1